 Dungeon Crawl Stone Soup version 0.28-a0-1227-ga9037bb4c8 (webtiles) character file.

Game seed: 16295315466120542447

0 spiderkeys the Skirmisher (level 1, -3/18 HPs)
             Began as a Barachi Abyssal Knight on Dec 22, 2021.
             Was a Follower of Lugonu.
             Slain by a worldbinder (5 damage)
             ... on level 1 of the Abyss.
             The game lasted 00:00:40 (102 turns).

spiderkeys the Skirmisher (Barachi Abyssal Knight)   Turns: 102, Time: 00:00:41

Health: -3/18      AC:  3    Str: 14    XL:     1   Next: 0%
Magic:  2/2        EV: 11    Int: 10    God:    Lugonu [*.....]
Gold:   0          SH:  0    Dex: 12    Spells: 0/0 levels left

rFire   . . .      SeeInvis .   a - +1 falchion
rCold   . . .      Faith    .   (no shield)
rNeg    . . .      Spirit   .   b - +0 leather armour
rPois   .          Reflect  .   (no helmet)
rElec   .          Harm     .   (no cloak)
rCorr   .          Rampage  .   (no gloves)
Will    .....                   (no boots)
Stlth   +.........              (no amulet)
HPRegen 0.06/turn               (no ring)
MPRegen 0.08/turn               (no ring)

@: weak-willed, unable to hop, slow
A: amphibious, slowness 1, strong legs 1, +LOS
a: Hop, Renounce Religion, Depart the Abyss


You were on level 1 of the Abyss.
You worshipped Lugonu.
Lugonu was aware of your devotion.
You visited 0 branches of the dungeon, and saw 0 of its levels.
You visited the Abyss 1 time.


Innate Abilities, Weirdness & Mutations

You are amphibious.
You cover ground slowly.
You can hop short distances.
You have an extended range of vision and can be seen from far away.


   Skills:
 + Level 3.6 Fighting
 + Level 2.4 Long Blades
 + Level 2.4 Armour
 + Level 1.1 Dodging
 + Level 1.5 Invocations


You couldn't memorise any spells.
You didn't know any spells.
Your spell library was empty.

Inventory:

Hand Weapons
 a - a +1 falchion (weapon)
Armour
 b - a +0 leather armour (worn)

Dungeon Overview and Level Annotations

Branches:
Dungeon (0/15)

Altars:

#...# ..... ... .. ..!
.. #.. ... ..# ##.#
##.## #.##
#...###...###...###.
.....#.....#.....#..
........@..........
.....#..x..#.....# ..
#. ##$k.## ...# ..#
##.## ##.## #.##
##...###°..###... ##
..#.....#°....#.....#.
. ........kk... ... ...
....#.....#.....#.....#
...###...###...## ...


You could see a worldbinder and a swamp drake (summoned, corroded).


Message History

🤖 Initializing magus.rc ... ✅ Successfully initialized magus.rc [v1.9.10] Welcome, spiderkeys the Barachi Abyssal Knight.
Will you be the one to retrieve the legendary Orb of Zot from the depths?
Lugonu says: Depart the Abyss and spread corruption, my servant! (use the ability menu to exit the Abyss) Press ? for a list of commands and other information.
Found a corrupted altar of Lugonu.
c - a scroll labelled LORYAFF TOINKINWU Unknown command.
Found a gateway leading out of the Abyss.
d - a scroll labelled FUBIOL RUKETY The will-o-the-wisp gestures.
The will-o-the-wisp conjures some foxfire!
A foxfire comes into view.
A foxfire comes into view.
The foxfire moves out of view.
Hop to where?
Press: ? - help, Dir - move target Boing!
A large abomination comes into view.
Blink to where?
Press: ? - help, Dir - move target
As you read the scroll labelled LORYAFF TOINKINWU, it crumbles to dust.
It was a scroll of blinking.
As you read the scroll labelled FUBIOL RUKETY, it crumbles to dust.
You feel strangely unstable.
You feel the power of the Abyss delaying your translocation!
It was a scroll of teleportation.
You are suddenly pulled into a different region of the Abyss!
c - a scroll labelled DEIPPE VITHREARHO
As you read the scroll labelled DEIPPE VITHREARHO, it crumbles to dust.
Magic quickly surges around you.
It was a scroll of vulnerability.
The worldbinder calls forth creatures from the Swamp! x2
The swamp drake breathes poison at you.
The noxious blast engulfs you but does no damage.
You are poisoned.
You are engulfed in noxious fumes.
You choke on the stench!
You are confused.
You feel sick.
The worldbinder calls forth creatures from the Swamp! 😕 HP[-2]
You take 2 damage, and now have 16/18 hp.
You bump into the metal wall.
You are engulfed in noxious fumes.
You choke on the stench!
You are more confused.
You feel sick.
You are no longer poisoned.
The worldbinder hits you.
* * * LOW HITPOINT WARNING * * *
The worldbinder barely misses you.
Something misses the swamp drake. 😨 HP[-7]
You take 7 damage, and now have 9/18 hp.
MASSIVE DAMAGE!! (PAUSE)
Something hits the swamp drake!
The swamp drake is splashed with acid.
The acid corrodes the swamp drake! 😮 HP[+1]
You feel less confused.
Something closely misses the swamp drake.
The worldbinder hits you.
* * * LOW HITPOINT WARNING * * *
The worldbinder closely misses you. 😱 HP[-6]
You take 6 damage, and now have 4/18 hp.
MASSIVE DAMAGE!! (PAUSE)
The worldbinder hits you but does no damage.
The worldbinder hits you.
* * * LOW HITPOINT WARNING * * *
😱 HP[-2]
You take 2 damage, and now have 2/18 hp.
The worldbinder hits you.
You die...

Action                   || total
-------------------------++-------
 Abil: Hop               ||     1
  Use: Scroll            ||     3
Armor: Leather armour    ||     1
Dodge: Dodged            ||     2

Levels and vault maps discovered:
Abyss:1:  base: Temple, base:
Temple

Notes
Turn   | Place    | Note
-------+----------+-------------------------------------------
     0 | Abyss:1  | spiderkeys the Barachi Abyssal Knight began the quest for
                  | the Orb.
     0 | Abyss:1  | Reached XP level 1. HP: 18/18 MP: 2/2
     0 | Abyss:1  | magus.rc [v1.9.10]
    33 | Abyss:1  | Noticed a will-o-the-wisp
    41 | Abyss:1  | Noticed a large abomination
    92 | Abyss:1  | Noticed a worldbinder
    95 | Abyss:1  | Noticed a swamp drake
    95 | Abyss:1  | Noticed a goliath frog
    97 | Abyss:1  | Noticed a swamp drake
    99 | Abyss:1  | HP: 4/18 [worldbinder (6)]
   102 | Abyss:1  | Slain by a worldbinder

Vanquished Creatures (others)
  2 foxfires (Abyss:1)
2 creatures vanquished.

Table legend:
 A = Non-vault XP
 B = Vault XP
 C = Vault XP percentage of total XP
 D = Non-vault monster count
 E = Vault monster count
 F = Vault count percentage of total count
                 A         B        C        D         E       F
            +---------+---------+-------+---------+---------+-------
      Total |       0 |       0 |   N/A |       0 |       0 |  -nan
            +---------+---------+-------+---------+---------+-------
            +---------+---------+-------+---------+---------+-------

Illustrated notes

Table legend: (Time is in decaauts)
 A = Elapsed time spent in this place.
 B = Non-inter-level travel time spent in this place.
 C = Inter-level travel time spent in this place.
 D = Time resting spent in this place.
 E = Time spent auto-exploring this place.
 F = Levels seen in this place.
 G = Mean time per level.
                   A        B        C        D        E       F      G
               +--------+--------+--------+--------+--------+-----+--------+
         Total |    120 |    120 |      0 |      0 |      4 |   1 |  120.0 |
         Abyss |    120 |    120 |      0 |      0 |      4 |   1 |  120.0 |
               +--------+--------+--------+--------+--------+-----+--------+

Top non-repeatable levels by time:
 Abyss:1: 120 daAuts
